 Dungeon Crawl Stone Soup version 0.19.3-1-g3169bf9 (console) character file.

368 Grinner the Basher (level 6, -1/88 HPs)
             Began as an Ogre Gladiator on Jan 26, 2017.
             Slain by an orc warrior
             ... wielding a +0 scimitar
              (6 damage)
             ... on level 4 of the Dungeon.
             The game lasted 00:07:16 (2233 turns).

Grinner the Basher (Ogre Gladiator)                 Turns: 2233, Time: 00:07:16

Health: -1/88      AC: 23    Str: 25    XL:     6   Next: 69%
Magic:  6/6        EV:  1    Int:  7    God:
Gold:   139        SH:  0    Dex: 10    Spells: 0 memorised, 5 levels left

rFire  . . .     SeeInvis .     a - +1 flail
rCold  . . .     Gourm    .     (armour currently unavailable)
rNeg   + + +     Faith    .     (no shield)
rPois  +         Spirit   .     (helmet currently unavailable)
rElec  .         Reflect  .     (cloak currently unavailable)
rCorr  .         Harm     .     (gloves unavailable)
MR     .....     NoTele   +     (boots unavailable)
Stlth  +.........               (no amulet)
                                (no ring)
                                q - +2 ring of strength

@: tree-form (expiring), very slightly contaminated, hasted, very quick
A: unfitting armour, (tough skin 0)
a: no special abilities


You were on level 4 of the Dungeon.
You were hungry.
You were a tree.
You visited 1 branch of the dungeon, and saw 4 of its levels.

You collected 139 gold pieces.

Inventory:

Hand Weapons
 a - a +1 flail (weapon)
Armour
 b - a +0 robe (melded)
 c - a +0 hat (melded)
Jewellery
 q - a +2 ring of strength (left branch)
Wands
 o - a wand of paralysis (15/24)
Scrolls
 e - a scroll of fear {unknown}
 h - a scroll of amnesia
 j - a scroll of random uselessness {unknown}
 k - a scroll of remove curse {unknown}
 n - 2 scrolls of enchant weapon
Potions
 d - a potion of resistance {unknown}
 r - a potion of brilliance {unknown}
Comestibles
 f - 3 bread rations
 g - 2 meat rations


   Skills:
 - Level 2.6 Fighting
 * Level 8.1 Maces & Flails
 - Level 2.0 Throwing
 + Level 4.4 Dodging


You had 5 spell levels left.
You didn't know any spells.

Dungeon Overview and Level Annotations

Branches:
Dungeon (3/15)

Altars:


Innate Abilities, Weirdness & Mutations

You are too large for most types of armour.
((You have tough skin. (AC +1)))


Message History

You hit the orc warrior.
The orc warrior is heavily wounded.
You barely miss the orc warrior.
The orc warrior is heavily wounded.
The orc warrior hits you but does no damage.
You hit the orc warrior but do no damage.
The orc warrior is heavily wounded.
You hit the orc warrior.
The orc warrior is heavily wounded.
The orc warrior completely misses you.
You completely miss the orc warrior.
The orc warrior is heavily wounded.
Evoke which item? (* to show all) (? for menu, Esc to quit)
Zapping:
o - a wand of paralysis {recharged} (will waste charges)
Press: ? - help, Shift-Dir - straight line, f - orc warrior
Aim: an orc warrior, wielding a scimitar and wearing a glowing plate armour (heavily wounded, chance to defeat MR: 46%)
The orc warrior resists with some effort.
Evoking this partially-identified wand wasted a few charges.
The orc warrior hits you with a scimitar.
You die...

#..#...#....#.
#..'...#....##
#..#...#......
#..#...#...... #.###†.#
... ########.###..###+#..
...............#..#..
####.######........'..#..
........♣oow.....).#..#..
.##########)#......#..#..
#..#..#..###.#..
...##.##..###.##.
.8o.##...#.......#. #o..#
#. .#.......'. (8oo.
#########. #... #....
#.o# #....


You could see an orc warrior, a worm and an orc wizard.

Vanquished Creatures
  2 ogres (D:4)
  2 hounds (D:4)
  An orc priest (D:4)
  2 gnolls (D:2)
  3 adders
  A worm (D:2)
  2 leopard geckos (D:2)
  2 orcs (D:4)
  2 ball pythons (D:1)
  5 giant cockroaches
  8 goblins
  4 hobgoblins
  3 jackals (D:1)
  6 kobolds
  6 bats
  5 frilled lizards
  5 rats
59 creatures vanquished.

Notes
Turn   | Place    | Note
-------+----------+-------------------------------------------
     0 | D:1      | Grinner the Ogre Gladiator began the quest for the Orb.
     0 | D:1      | Reached XP level 1. HP: 22/22 MP: 1/1
   121 | D:1      | Reached XP level 2. HP: 24/29 MP: 2/2
   404 | D:1      | Reached XP level 3. HP: 29/36 MP: 3/3
   426 | D:1      | Reached skill level 5 in Maces & Flails
  1300 | D:2      | Reached XP level 4. HP: 30/44 MP: 4/4
  1807 | D:3      | You fall through a shaft!
  1845 | D:4      | Noticed an ogre
  1847 | D:4      | Noticed an ogre
  1878 | D:4      | Killed an ogre
  1878 | D:4      | Reached skill level 6 in Maces & Flails
  1878 | D:4      | Reached XP level 5. HP: 22/50 MP: 5/5
  1880 | D:4      | Killed an ogre
  1880 | D:4      | Reached skill level 7 in Maces & Flails
  1880 | D:4      | Reached XP level 6. HP: 26/59 MP: 6/6
  2168 | D:4      | Reached skill level 8 in Maces & Flails
  2199 | D:4      | Noticed an orc warrior
  2227 | D:4      | HP: 4/88 [orc warrior/scimitar (12)]
  2233 | D:4      | Slain by an orc warrior

Skill      XL: |  1  2  3  4  5  6 |
---------------+-------------------+-----
Dodging        | 3 4 |  4.4
Maces & Flails | 5 6 7 8 |  8.1
Fighting       | |  2.6
Throwing       | |  2.0

Action                   |  1- 3 |  4- 6 || total
-------------------------+-------+-------++-------
Melee: Flail             |   132 |   111 ||   243
Throw: Throwing net      |       |     3 ||     3
Evoke: Wand              |       |     4 ||     4
  Use: Scroll            |       |     3 ||     3
       Potion            |       |     3 ||     3
 Stab: Sleeping          |     1 |       ||     1
       Paralysed         |       |     5 ||     5
  Eat: Chunk             |       |     4 ||     4
Armor: Robe              |    42 |    24 ||    66
       Skin              |       |     5 ||     5
Dodge: Dodged            |    90 |    66 ||   156
